 Dungeon Crawl Stone Soup version 0.31-a0-219-g8d62b2e7bb (webtiles) character file.

Game seed: 4746029121564677053

125 funkygono the Chopper (level 4, -6/40 HPs)
             Began as a Minotaur Fighter on July 3, 2023.
             Killed from afar by an orc wizard (8 damage)
             ... with a puff of flame
             ... on level 3 of the Dungeon.
             The game lasted 00:02:46 (1677 turns).

funkygono the Chopper (Minotaur Fighter)            Turns: 1677, Time: 00:02:47

Health: -6/40      AC: 10    Str: 23    XL:     4   Next: 82%
Magic:  3/3        EV:  8    Int: 11    God:
Gold:   52         SH:  4    Dex:  9    Spells: 3/3 levels left

rFire   . . .        a - +0 war axe
rCold   . . .        c - +0 buckler
rNeg    . . .        i - +0 chain mail
rPois   .            m - +1 hat
rElec   .            (no cloak)
rCorr   .            (no gloves)
SInv    .            (no boots)
Will    .....        (no amulet) Stlth
                     f - +6 ring of intelligence
HPRegen 0.26/turn    (no ring)
MPRegen 0.08/turn

%: no passive effects
@: no status effects
A: horns 2, retaliatory headbutt
a: no special abilities


You were on level 3 of the Dungeon.
You visited 1 branch of the dungeon, and saw 3 of its levels.

You collected 52 gold pieces.

Inventory:

Hand Weapons
 a - a +0 war axe (weapon)
Missiles
 e - 45 stones
 h - 5 boomerangs
 o - 2 silver javelins
Armour
 c - a +0 buckler (worn)
 i - a +0 chain mail (worn)
 m - a +1 hat (worn)
Jewellery
 f - a +6 ring of intelligence (left hand)
 l - a +5 ring of evasion
Scrolls
 b - 2 scrolls of immolation
 g - a scroll of identify
Potions
 d - a potion of might
 n - a potion of resistance


   Skills:
 + Level 4.2 Fighting
 + Level 4.5 Axes
 + Level 4.4 Armour
 + Level 0.4 Dodging
 + Level 4.1 Shields


You had 3 spell levels left.
You didn't know any spells.
Your spell library was empty.

Dungeon Overview and Level Annotations

Branches:
Dungeon (3/15)

Altars:

Shops:
D:2 (*


Innate Abilities, Weirdness & Mutations

You have a pair of horns on your head.
You reflexively headbutt those who attack you in melee.


Message History

Deactivating autopickup; reactivate with Ctrl-A.
You miss something. Your headbutt misses something.
You hear some strange, mumbled words.
Something tries to affect you, but you resist.
You barely miss something. Something hits you but does no damage.
You hear some strange, mumbled words.
A magic dart appears from out of thin air!
The magic dart hits you.
* * * LOW HITPOINT WARNING * * *
You closely miss something. Something hits you but does no damage.
You closely miss something. Your headbutt misses something.
You hear some strange, mumbled words.
You are confused.
You bump into the rock wall.
Something hits you.
* * * LOW HITPOINT WARNING * * *
You bump into the rock wall.
Something hits you but does no damage.
You bump into the rock wall.
Something hits you but does no damage.
You're too confused to move!
You hear some strange, mumbled words.
A puff of flame appears from out of thin air!
The puff of flame hits you.
* * * LOW HITPOINT WARNING * * *
You miss something. Your headbutt misses something.
You feel less confused. Something hits you but does no damage.
Okay, then.
Okay, then.
Something hits you but does no damage.
Things that are here:
a +2 dagger of venom; a goblin corpse
Items here: ! ) [ †.
Something hits you.
* * * LOW HITPOINT WARNING * * *
Something completely misses you. Something hits you.
* * * LOW HITPOINT WARNING * * *
You hear some strange, mumbled words.
A puff of flame appears from out of thin air!
The puff of flame hits you!
You die...

#.# .. #o# #.# ..# #S# #.#
#.# #o# #.# #.# #)# #.# #.#
#)# #.# #.# #s# #.#
#.#####.###.####.## #####.#
#.........{........
......#########)@...####.##
....<....##.....#####
########.##.##### #
######.##.# # #.........#
#...............#
....####.######.# ..# #.#
### #.#


There were no monsters in sight!

Vanquished Creatures
  Jessica (D:3)
  An orc wizard (D:3)
  3 adders (D:2)
  2 orcs (D:3)
  8 ball pythons
  5 endoplasms
  A giant cockroach (D:1)
  4 goblins
  3 hobgoblins
  2 quokkas
  2 bats (D:2)
  2 frilled lizards (D:1)
  6 kobolds
  7 rats
47 creatures vanquished.

Notes
Turn   | Place    | Note
-------+----------+-------------------------------------------
     0 | D:1      | funkygono the Minotaur Fighter began the quest for the Orb.
     0 | D:1      | Reached XP level 1. HP: 19/19 MP: 0/0
   242 | D:1      | Reached XP level 2. HP: 21/27 MP: 1/1
   297 | D:1      | Found a faded altar of an unknown god.
   798 | D:2      | Found Fengagur's Weapon Boutique.
   898 | D:2      | Found Uqiakhlu's Assorted Antiques.
   913 | D:2      | Reached XP level 3. HP: 29/33 MP: 2/2
  1450 | D:2      | Reached XP level 4. HP: 40/40 MP: 3/3
  1638 | D:3      | Noticed Jessica
  1643 | D:3      | Killed Jessica
  1648 | D:3      | Noticed a scorpion
  1672 | D:3      | HP: 1/40 [something (3)]
  1677 | D:3      | Killed from afar by an orc wizard

Illustrated notes

Levels and vault maps discovered:
D:1:      psy_arrival_conway, layout_loops_ring, ebering_ecumenical_altar_box
D:2:      layout_loops_ring, serial_shops, shop,
          nicolae_shop_just_a_little_nook, dk_noncrumbling_2
D:3:      layout_loops_ring, mainiacjoe_overflow_24_doors,
          fedhas_ov_isle_minmay, bh_walls_and_bars, uniq_grinder, uniq_jessica

Skill      XL: |  1  2  3  4 |
---------------+-------------+-----
Shields        | 4 |  4.1
Axes           | 3 4 |  4.5
Armour         | 4 |  4.4
Fighting       | 4 |  4.2
Dodging        | |  0.4

Action                     |  1- 3 |  4- 6 || total
---------------------------+-------+-------++-------
  Melee: War axe           |    68 |    25 ||    93
         Headbutt          |     8 |     1 ||     9
    Use: Scroll            |       |     5 ||     5
 Armour: Scale mail        |     7 |       ||     7
         Chain mail        |    27 |    16 ||    43
  Dodge: Dodged            |    24 |     3 ||    27
  Block: Buckler           |    17 |     4 ||    21

Table legend: (Time is in decaauts)
 A = Elapsed time spent in this place.
 B = Non-inter-level travel time spent in this place.
 C = Inter-level travel time spent in this place.
 D = Time resting spent in this place.
 E = Time spent auto-exploring this place.
 F = Levels seen in this place.
 G = Mean time per level.
                   A        B        C        D        E       F      G
               +--------+--------+--------+--------+--------+-----+--------+
         Total |   1714 |   1668 |     46 |      0 |   1267 |   3 |  571.3 |
       Dungeon |   1714 |   1668 |     46 |      0 |   1267 |   3 |  571.3 |
               +--------+--------+--------+--------+--------+-----+--------+

Top non-repeatable levels by time:
     D:2: 818 daAuts
     D:1: 799 daAuts
     D:3: 96 daAuts
